 Dungeon Crawl Stone Soup version 0.30-a0-465-g8901f6c8b5 (webtiles) character file.

Game seed: 7125051975317481030

137 MackTheKnife the Firebug (level 5, 0/31 HPs)
             Began as an Octopode Fire Elementalist on Dec 18, 2022.
             Succumbed to a scorpion's poison
             ... in an ossuary.
             The game lasted 00:04:59 (3366 turns).

MackTheKnife the Firebug (OpFE)                     Turns: 3366, Time: 00:04:59

Health: 0/31       AC:  1    Str:  7    XL:     5   Next: 20%
Magic:  2/10       EV: 13    Int: 20    God:
Gold:   125        SH:  0    Dex: 12    Spells: 8/11 levels left

rFire   + + .      SeeInvis .    s - +0 dagger (venom) {short}
rCold   . . .      Faith    .    (no shield)
rNeg    . . .      Spirit   .    (helmet restricted)
rPois   +          Reflect  .    (no amulet)
rElec   +          Harm     .    j - ring of fire
rCorr   +          Rampage  .    c - ring of flight
Will    .....                    (no ring)
Stlth   +++.......               (no ring)
HPRegen 0.25/turn                (no ring)
MPRegen 0.12/turn                (no ring)
                                 (no ring)
                                 (no ring)

@: lethally poisoned (0 -> -1), resistant, flying
A: almost no armour, amphibious, 8 rings, camouflage 1, gelatinous body 1,
(nimble swimmer 1), tentacles
a: no special abilities


You were in an ossuary.
You visited 1 branch of the dungeon, and saw 4 of its levels.
You also visited: Ossuary.

You collected 125 gold pieces.


Innate Abilities, Weirdness & Mutations

You cannot wear most types of armour.
You are amphibious.
You can wear up to eight rings at the same time.
Your skin changes colour to match your surroundings (Stealth+).
Your rubbery body absorbs attacks. (AC +1, EV +1)
((You are camouflaged when in or above water. (Stealth+)))
You have tentacles for arms and can constrict up to eight enemies at once.


   Skills:
 - Level 2.0 Dodging
 - Level 2.6 Stealth
 + Level 3.6 Spellcasting
 - Level 1.0 Conjurations
 + Level 4.5 Fire Magic


You had 8 spell levels left.
You knew the following spells:

 Your Spells              Type           Power      Damage    Failure   Level
a - Foxfire               Conj/Fire      88%        2x1d8     4%          1
b - Scorch                Fire           64%        2d8       3%          2

Your spell library contained the following spells:

 Spells                   Type           Power      Damage    Failure   Level
 Inner Flame              Hex/Fire       19%        N/A       16%         3
 Sublimation of Blood     Necr           3%         N/A       21%         2
 Wereblood                Tmut           3%         N/A       21%         2
 Kindle Blastsparks       Fire/Tloc/Air  28%        2d12      22%         3
 Flame Wave               Conj/Fire      22%        2d8       38%         4
 Manifold Assault         Tloc           3%         N/A       80%         4
 Iskenderun's Battlesphe  Conj           7%         2d6       94%         5
 Dispersal                Tloc           1%         N/A       100%        6
 Iron Shot                Conj/Erth      2%         9d2       100%        6
 Spellforged Servitor     Conj/Summ      2%         N/A       100%        7
 Summon Hydra             Summ           1%         N/A       100%        7
 Disjunction              Tloc           1%         N/A       100%        8

Inventory:

Hand Weapons
 s - a +0 dagger of venom (weapon) {short}
   (You took it off a kobold on level 3 of the Dungeon)
Missiles
 f - 16 stones {throwing}
 r - 3 atropa-tipped darts {throwing}
Magical Staves
 h - a staff of poison {!astaff}
   (You found it on level 4 of the Dungeon)
 p - a staff of cold {!astaff}
   (You found it on level 2 of the Dungeon)
Jewellery
 c - a ring of flight (right tentacle)
   (You found it on level 4 of the Dungeon)
 j - a ring of fire (left tentacle)
   (You found it on level 2 of the Dungeon)
Scrolls
 b - 2 scrolls of immolation {unknown}
 d - 2 scrolls of blinking {unknown}
 e - a scroll of noise {unknown}
 g - a scroll of vulnerability {unknown}
 l - 2 scrolls of magic mapping {unknown}
 m - a scroll of teleportation {unknown}
 u - a scroll of enchant weapon {unknown}
Potions
 a - a potion of magic
 k - a potion of attraction {unknown}
 n - a potion of ambrosia {unknown}
 o - a potion of berserk rage {unknown}
 q - a potion of cancellation
 t - a potion of curing {unknown}

Dungeon Overview and Level Annotations

Branches:
Dungeon (4/15) Zot: 20796 Ossuary (1/1) Zot: 5838
 Temple: D:4-7

Altars:
Fedhas

Shops:
D:3 =

Annotations:
D:1 1 runed translucent door

...#...# ...8...#
.......#
##############8...8##
#...#...#...#...(...#
#.∩.'...8...#...8...#
#...#.......#...#
##'###8...8###'######
#...#.....@.#...#.=!#
#.∩.#...8...'...#!..'.
#...#...#...#...#??!#.
#####################


There were no monsters in sight!


Message History

r - Retreat! s - Stop attacking. g - Guard the area. f - Follow me.
Anything else - Cancel.
Okay, then.
You aren't carrying any items that you can evoke.
Unknown command.
Throw: 4 darts (atropa) {throwing}
Press: ? - help, Q - select action, (/) - cycle Shift-Dir - straight line, f - scorpion
Aim: a scorpion (wandering, hasn't noticed you, 56% to hit, chance to blind on hit: 67%)
You throw an atropa-tipped dart {throwing}.
The atropa-tipped dart {throwing} hits the scorpion.
The scorpion appears confused.
Okay, then.
The scorpion seems less confused.
There is an open door here.
You feel a surge of power!
Flames lash the scorpion but do no damage.
The scorpion is no longer blind.
The scorpion barely misses you.
The scorpion stings you. 😕 HP[-2] MP[-2]
You take 2 damage, and now have 25/27 hp.
You lost 2 mp, and now have 6/8 mp.
You feel a surge of power!
You miscast Scorch.
You are very lightly contaminated with residual magic.
Nothing appears to happen.
The scorpion stings you.
You are poisoned.
The scorpion poisons you! 😕 HP[-2] MP[-2]
You take 2 damage, and now have 23/27 hp.
You lost 2 mp, and now have 4/8 mp.
You feel a surge of power!
Flames lash the scorpion.
The scorpion's fire resistance burns away.
You feel very sick.
The scorpion stings you. 😮 HP[-4] MP[-2]
You take 4 damage, and now have 19/27 hp.
You lost 2 mp, and now have 2/8 mp.
Unknown command.
You are too injured to fight recklessly!
Unknown command.
You are too injured to fight recklessly!
Unknown command.
You are too injured to fight recklessly!
Casting: Scorch (safe; 4% risk of failure)
Confirm with . or Enter, or press ? or * to list all spells.
You feel a surge of power!
You conjure some foxfire!
You feel sick. The scorpion stings you.
You are lethally poisoned!
The scorpion poisons you! 😮 HP[-5] MP[-1]
You take 5 damage, and now have 14/27 hp.
You lost 1 mp, and now have 1/8 mp.
You hit the scorpion. You grab the scorpion.
You constrict the scorpion, but do no damage.
* * * LOW HITPOINT WARNING * * *
You feel very sick.
The foxfire hits the scorpion.
The scorpion is burned terribly!
The foxfire hits the scorpion.
The scorpion is burned terribly!
The scorpion closely misses you. 😨 HP[-4]
You take 4 damage, and now have 10/27 hp.
You hit the scorpion but do no damage.
The scorpion is poisoned.
You constrict the scorpion.
* * * LOW HITPOINT WARNING * * *
You feel very sick.
You kill the scorpion!
You have reached level 5!
You feel clever. 😨 HP[-2]
You now have 31 max hp (+4).
* * * LOW HITPOINT WARNING * * *
You feel sick.
There is an open door here. 😱 HP[-1]
You take 1 damage, and now have 7/31 hp.
* * * LOW HITPOINT WARNING * * *
You feel sick. 😱 HP[-2]
You take 2 damage, and now have 5/31 hp.
* * * LOW HITPOINT WARNING * * *
You feel sick.
Your magical contamination has completely faded away.
There is an open door here. 😱 HP[-2] MP[+1]
You take 2 damage, and now have 3/31 hp.
* * * LOW HITPOINT WARNING * * *
You feel sick. 😱 HP[-1]
You take 1 damage, and now have 2/31 hp.
* * * LOW HITPOINT WARNING * * *
You feel sick.
It was a potion of cancellation.
You feel magically purged.
* * * LOW HITPOINT WARNING * * *
You feel sick. 😱 HP[-1]
You take 1 damage, and now have 1/31 hp.
It was a potion of resistance.
You feel protected.
You die...

Skill      XL: |  1  2  3 |
---------------+----------+-----
Spellcasting   | 3 |  3.6
Fire Magic     | 4 |  4.5
Dodging        | |  2.0
Stealth        | |  2.6
Conjurations   | |  1.0

Action                   |  1- 3 |  4- 6 || total
-------------------------+-------+-------++-------
Melee: Unarmed           |    13 |       ||    13
       Constrict         |     8 |     1 ||     9
       Tentacles         |     8 |       ||     8
       Dagger            |     8 |     2 ||    10
Throw: Dart              |       |     1 ||     1
 Cast: Foxfire           |     8 |     1 ||     9
       Scorch            |    36 |    21 ||    57
  Use: Potion            |       |     2 ||     2
 Stab: Sleeping          |     3 |       ||     3
Armor: Skin              |     4 |       ||     4
Dodge: Dodged            |    19 |     5 ||    24

Levels and vault maps discovered:
D:1:      dpeg_arrival_caged_fury, layout_loops_ring
D:2:      layout_loops_ring, basic_altar
D:3:      layout_rooms, serial_shops, shop, kennysheep_decorative_pillar,
          cheibrodos_gnoll_hut
D:4:      layout_cave_pools, enter_ossuary_1
Ossuary:  ossuary_minmay_scorpions

Notes
Turn   | Place    | Note
-------+----------+-------------------------------------------
     0 | D:1      | MackTheKnife the Octopode Fire Elementalist began the quest
                  | for the Orb.
     0 | D:1      | Reached XP level 1. HP: 11/11 MP: 3/3
     0 | D:1      | magus.rc [v1.9.6]
     1 | D:1      | Found a runed translucent door.
   229 | D:1      | Reached XP level 2. HP: 15/17 MP: 5/5
   243 | D:1      | Learned a level 2 spell: Scorch
   833 | D:1      | Reached XP level 3. HP: 21/21 MP: 6/6
  1379 | D:2      | You pick up a book of the Warp and begin reading...
  1379 | D:2      | You add the spells Manifold Assault, Dispersal and
                  | Disjunction to your library.
  1392 | D:2      | You pick up a book of Blood and begin reading...
  1392 | D:2      | You add the spells Sublimation of Blood, Wereblood and
                  | Summon Hydra to your library.
  1632 | D:2      | Found a blossoming altar of Fedhas.
  2030 | D:3      | Found Ylegozuh's Jewellery Boutique.
  2125 | D:3      | Reached skill level 3 in Spellcasting
  2167 | D:3      | You pick up a book of Power and begin reading...
  2167 | D:3      | You add the spells Iskenderun's Battlesphere, Iron Shot and
                  | Spellforged Servitor to your library.
  2549 | D:2      | Reached skill level 4 in Fire Magic
  2549 | D:2      | Reached XP level 4. HP: 17/27 MP: 2/8
  2707 | D:4      | Noticed a phantom
  3132 | D:4      | You pick up a book of Blood and begin reading...
  3195 | D:4      | Found a sand-covered staircase.
  3204 | Ossuary  | Entered an ossuary
  3224 | Ossuary  | Noticed a scorpion
  3359 | Ossuary  | Killed a scorpion
  3360 | Ossuary  | Reached XP level 5. HP: 8/31 MP: 1/10
  3360 | Ossuary  | HP: 7/31 [poisoned by a scorpion]
  3362 | Ossuary  | HP: 3/31 [poisoned by a scorpion]
  3365 | Ossuary  | HP: 1/31 [poisoned by a scorpion]
  3366 | Ossuary  | Succumbed to a scorpion's poison

Vanquished Creatures
  A scorpion (Ossuary)
  An adder (D:2)
  2 dart slugs
  6 orcs
  5 endoplasms
  A giant cockroach (D:1)
  A gnoll zombie (Ossuary)
  4 goblins
  A hobgoblin (D:1)
  5 quokkas
  4 ball pythons
  7 bats
  5 frilled lizards
  8 kobolds
  A kobold zombie (Ossuary)
  An orc zombie (Ossuary)
  3 rats (D:1)
56 creatures vanquished.

Vanquished Creatures (others)
  11 foxfires
11 creatures vanquished.

Grand Total: 67 creatures vanquished

Table legend:
 A = Non-vault XP
 B = Vault XP
 C = Vault XP percentage of total XP
 D = Non-vault monster count
 E = Vault monster count
 F = Vault count percentage of total count
                 A         B        C        D         E       F
            +---------+---------+-------+---------+---------+-------
      Total |     110 |      87 |  44.2 |      52 |       4 |   7.1
            +---------+---------+-------+---------+---------+-------
        D:1 |      40 |       0 |   0.0 |      25 |       0 |   0.0
        D:2 |      29 |       0 |   0.0 |       9 |       0 |   0.0
        D:3 |      15 |       0 |   0.0 |       8 |       0 |   0.0
        D:4 |      26 |       0 |   0.0 |      10 |       0 |   0.0
    Ossuary |       0 |      87 | 100.0 |       0 |       4 | 100.0
            +---------+---------+-------+---------+---------+-------

Illustrated notes

Table legend:
 A = Kills in this place as a percentage of kills in entire the game.
 B = Kills by you in this place as a percentage of kills by you in the entire game.
 C = Kills by friends in this place as a percentage of kills by friends in the entire game.
 D = Other kills in this place as a percentage of other kills in the entire game.
 E = Experience gained in this place as a percentage of experience gained in the entire game.
 F = Experience gained in this place divided by the number of levels of this place that you have seen.
                   A       B       C       D       E      F
               +-------+-------+-------+-------+-------+----------------------
         Total | 100.0 | 100.0 |   N/A |   N/A | 100.0 |  39.4
       Dungeon |  92.9 |  92.9 |   N/A |   N/A |  55.8 |  27.5
       Ossuary |   7.1 |   7.1 |   N/A |   N/A |  44.2 |  87.0
               +-------+-------+-------+-------+-------+----------------------

Table legend: (Time is in decaauts)
 A = Elapsed time spent in this place.
 B = Non-inter-level travel time spent in this place.
 C = Inter-level travel time spent in this place.
 D = Time resting spent in this place.
 E = Time spent auto-exploring this place.
 F = Levels seen in this place.
 G = Mean time per level.
                   A        B        C        D        E       F      G
               +--------+--------+--------+--------+--------+-----+--------+
         Total |   3365 |   3256 |    109 |    285 |   2466 |   5 |  673.0 |
       Dungeon |   3203 |   3094 |    109 |    186 |   2448 |   4 |  800.8 |
       Ossuary |    161 |    161 |      0 |     99 |     18 |   1 |  161.0 |
               +--------+--------+--------+--------+--------+-----+--------+

Top non-repeatable levels by time:
     D:1: 1216 daAuts
     D:2: 863 daAuts
     D:3: 714 daAuts
     D:4: 408 daAuts
 Ossuary: 161 daAuts
